 Dungeon Crawl Stone Soup version 0.24-a0-458-gfcb5e6d (webtiles) character file.

Game seed: 15011647091611327116

12024 GandaPestile the Cleaver (level 11, -1/101 HPs)
             Began as a Minotaur Fighter on June 27, 2019.
             Was a Priest of Makhleb.
             Succumbed to a redback's poison
             ... on level 2 of the Lair of Beasts.
             The game lasted 00:34:45 (6606 turns).

GandaPestile the Cleaver (Minotaur Fighter)         Turns: 6606, Time: 00:34:46

Health: -1/101     AC:  9    Str: 23    XL:     11   Next: 57%
Magic:  10/10      EV: 11    Int:  5    God:    Makhleb [***...]
Gold:   502        SH: 14    Dex: 11    Spells: 10/10 levels left

rFire    . . .     SeeInvis .   C - +2 war axe (flame)
rCold    . . .     Gourm    .   c - +0 shield
rNeg     + + .     Faith    .   w - +4 scale mail
rPois    .         Spirit   .   (helmet restricted)
rElec    .         Reflect  +   (no cloak)
rCorr    .         Harm     .   (no gloves)
MR       .....                  (no boots)
Stlth    ..........             H - +2 amulet of reflection
HPRegen  0.66/turn              h - ring of positive energy
MPRegen  0.12/turn              D - ring of positive energy

@: lethally poisoned (-1 -> -10), flying
A: retaliatory headbutt, horns 2, repulsion field 1, deformed body, regeneration
1, screaming 1
a: Minor Destruction, Lesser Servant of Makhleb, Renounce Religion


You were on level 2 of the Lair of Beasts.
You worshipped Makhleb.
Makhleb was most pleased with you.
You were full.

You visited 2 branches of the dungeon, and saw 10 of its levels.

You collected 502 gold pieces.

Inventory:

Hand Weapons
 a - a +0 war axe
 e - a +0 vampiric short sword
 k - a +1 flail of protection
 v - the +3 mace of Taxation {pain, rF+ rN+ MP-9}
   (You found it on level 4 of the Dungeon)

   In the hands of one skilled in necromantic magic, it inflicts extra damage on
   living creatures.
   It protects you from fire.
   It protects you from negative energy.
   It affects your magic capacity (-9).
 C - a +2 war axe of flaming (weapon)
Missiles
 B - 8 silver javelins (quivered)
Armour
 b - a +0 scale mail
 c - a +0 shield (worn)
 g - a +0 leather armour of fire resistance
 l - the cursed +0 ring mail "Qogaergh" {+Blink MR- Int+7, unknown}
   (You found it on level 5 of the Dungeon)

   It affects your intelligence (+7).
   It affects your resistance to hostile enchantments.
   It lets you blink.
   It has a curse placed upon it.
 w - a +4 scale mail (worn)
Jewellery
 h - a ring of positive energy (left hand)
 n - an uncursed ring of see invisible
 o - an uncursed ring of ice
 r - an uncursed ring of see invisible
 s - a cursed ring of attention
 D - a ring of positive energy (right hand)
 H - a +2 amulet of reflection (around neck)
Wands
 m - a wand of polymorph (8)
Scrolls
 i - 10 scrolls of identify
 j - 2 scrolls of fog
 t - a scroll of immolation
 y - a scroll of fear {unknown}
 z - 2 scrolls of noise {unknown}
 E - 2 scrolls of blinking {unknown}
Potions
 p - a potion of degeneration
 u - 4 potions of brilliance
 x - a potion of agility
 A - a potion of might
Comestibles
 f - 21 rations


   Skills:
 + Level 10.9 Fighting
 + Level 13.0 Axes
 + Level 10.9 Armour
 + Level 10.8 Shields


You had 10 spell levels left.
You didn't know any spells.
Your spell library contained the following spells:

 Spells                   Type           Power        Failure   Level  Hunger
 Beastly Appendage        Tmut           #.....       88%         1    ##.....
 Magic Dart               Conj           #...         88%         1    ##.....
 Summon Small Mammal      Summ           #...         88%         1    ##.....
 Call Imp                 Summ           #.......     96%         2    ###....
 Searing Ray              Conj           #.....       96%         2    ###....
 Sticks to Snakes         Tmut           #.......     96%         2    ###....
 Call Canine Familiar     Summ           #.......     99%         3    ####...
 Dazzling Spray           Conj/Hex       #.....       99%         3    ####...
 Spider Form              Tmut/Pois      #.........   99%         3    ####...
 Summon Guardian Golem    Hex/Summ       #.......     99%         3    ####...
 Force Lance              Conj/Tloc      #.......     100%        4    #####..
 Fulminant Prism          Conj/Hex       #.........   100%        4    #####..
 Ice Form                 Ice/Tmut       #.......     100%        4    #####..
 Iskenderun's Mystic Bla  Conj           #.......     100%        4    #####..
 Summon Ice Beast         Ice/Summ       #.......     100%        4    #####..
 Summon Lightning Spire   Summ/Air       #.......     100%        4    #####..
 Blade Hands              Tmut           #.........   100%        5    ######.


Dungeon Overview and Level Annotations

Branches:
Dungeon (8/15)             Temple (0/1) D:7            Lair (2/6) D:8
 Spider (0/4) Lair:2
  Swamp: Lair:2-4    Shoals: Lair:2-4

Altars:
Ashenzari
Dithmenos
Elyvilon
Makhleb
Qazlal
Xom

Annotations:
D:8 exclusion: oklob plant


Innate Abilities, Weirdness & Mutations

You reflexively headbutt those who attack you in melee.
You have a pair of horns on your head.
You are surrounded by a mild repulsion field. (EV +2)
Armour fits poorly on your strangely shaped body.
Your natural rate of healing is unusually fast.
You occasionally shout uncontrollably at your foes.


Message History

There is a lethal amount of poison in your body!
You eat one of the 22 rations.
That ration really hit the spot!
* * * LOW HITPOINT WARNING * * *
You feel sick.
It was a potion of flight.
You feel very buoyant.
You fly up into the air.
* * * LOW HITPOINT WARNING * * *
You feel very sick.
* * * LOW HITPOINT WARNING * * *
You feel sick.
You see here a porcupine corpse.
* * * LOW HITPOINT WARNING * * *
You feel sick.
As you read the scroll labeled NETZAW RUTSEM, it crumbles to dust.
It is a scroll of enchant weapon.
Your +1 war axe of flaming glows red for a moment.
* * * LOW HITPOINT WARNING * * *
You feel sick.
You die...

...##......##...# ^....
...##......#....##s.^^^
...#.#####.##..##.§^.^#
...##.##.####.##^..^^##..
...................###...
................§###.....
................##......
................#.......
......#.........@.#.#
......#...##.......#####.
..........##....†.#......
.....##...#....†.......P.
..... #...##....†........
....##.....##...#..
#.....# .### #...... ##
#.......


There were no monsters in sight!

Vanquished Creatures
  Fannar (Lair:1)
  A two-headed ogre (D:8)
  An elephant (D:8)
  3 spiny frogs
  A komodo dragon (Lair:1)
  A jumping spider (Lair:2)
  3 blink frogs (Lair:1)
  Prince Ribbit (D:8)
  5 hippogriffs
  10 yaks
  Sigmund (D:3)
  2 redbacks (Lair:2)
  3 hogs (D:7)
  A human (D:7)
  3 basilisks
  A hungry ghost (D:8)
  Menkaure (D:5)
  A water moccasin (D:8)
  Duvessa (D:4)
  4 porcupines (Lair:2)
  An orc warrior (D:8)
  2 sky beasts
  An ice beast (D:6)
  3 ogres
  2 phantoms
  A black bear (Lair:1)
  4 crocodiles
  3 centaurs
  8 bullfrogs
  Dowan (D:4)
  A water moccasin skeleton (D:4)
  A wyvern skeleton (D:7)
  5 killer bees (D:8)
  4 scorpions
  3 crimson imps
  3 jellies
  4 hounds
  2 centaur skeletons
  An orc wizard (D:8)
  A bullfrog skeleton (D:5)
  An iguana (D:8)
  8 worker ants
  2 hound skeletons (D:6)
  A howler monkey skeleton (D:5)
  10 adders
  An adder skeleton (D:7)
  5 worms
  4 dart slugs
  5 leopard geckos
  19 orcs
  3 ball pythons
  5 giant cockroaches
  4 goblins
  7 hobgoblins
  10 jackals
  3 quokkas (D:2)
  11 bats
  A frilled lizard (D:5)
  7 kobolds
  15 rats
  3 fungi (D:5)
  2 plants (Lair:1)
223 creatures vanquished.

Vanquished Creatures (others)
  A plant (Lair:1)
1 creature vanquished.

Grand Total: 224 creatures vanquished

Notes
Turn   | Place    | Note
-------+----------+-------------------------------------------
     0 | D:1      | GandaPestile the Minotaur Fighter began the quest for the
                  | Orb.
     0 | D:1      | Reached XP level 1. HP: 19/19 MP: 0/0
    30 | D:1      | Reached XP level 2. HP: 27/27 MP: 1/1
   661 | D:2      | Reached skill level 3 in Axes
   661 | D:2      | Reached XP level 3. HP: 32/33 MP: 2/2
   798 | D:2      | Noticed a bullfrog
   807 | D:2      | Killed a bullfrog
   807 | D:2      | Reached XP level 4. HP: 32/41 MP: 3/3
   845 | D:2      | Reached skill level 4 in Axes
  1016 | D:2      | Reached XP level 5. HP: 42/47 MP: 4/4
  1665 | D:3      | Noticed Sigmund
  1677 | D:3      | Killed Sigmund
  1677 | D:3      | Reached skill level 5 in Fighting
  1677 | D:3      | Reached skill level 5 in Axes
  1677 | D:3      | Reached skill level 5 in Armour
  1677 | D:3      | Reached skill level 5 in Shields
  1677 | D:3      | Reached XP level 6. HP: 23/56 MP: 5/5
  2036 | D:4      | Found a shadowy altar of Dithmenos.
  2074 | D:4      | Noticed Duvessa
  2074 | D:4      | Noticed Dowan
  2111 | D:4      | Killed Duvessa
  2128 | D:4      | Killed Dowan
  2265 | D:4      | Found a white marble altar of Elyvilon.
  2273 | D:4      | Reached XP level 7. HP: 54/61 MP: 6/6
  2320 | D:4      | Reached skill level 6 in Axes
  2584 | D:4      | Got a steaming mace
  2585 | D:4      | Identified the +3 mace of Taxation {pain, rF+ rN+ MP-9}
                  | (You found it on level 4 of the Dungeon)
  2679 | D:4      | Found a shimmering altar of Xom.
  2680 | D:4      | Found a shimmering altar of Xom.
  2681 | D:4      | Found a shimmering altar of Xom.
  2696 | D:4      | Reached skill level 7 in Axes
  2926 | D:5      | Entered Level 5 of the Dungeon
  2928 | D:5      | Found a shattered altar of Ashenzari.
  2990 | D:5      | Reached XP level 8. HP: 68/70 MP: 7/7
  3245 | D:5      | Found a burning altar of Makhleb.
  3252 | D:5      | Became a worshipper of Makhleb the Destroyer
  3443 | D:5      | Got a spiked ring mail
  3477 | D:5      | Noticed Menkaure
  3480 | D:5      | Killed Menkaure
  3480 | D:5      | Reached skill level 8 in Axes
  3874 | D:6      | Reached skill level 9 in Axes
  3874 | D:6      | Reached XP level 9. HP: 75/79 MP: 8/8
  3961 | D:6      | Reached * piety under Makhleb
  4313 | D:6      | Found a stormy altar of Qazlal.
  4687 | D:7      | Found a staircase to the Ecumenical Temple.
  4877 | D:7      | Reached skill level 10 in Axes
  4894 | D:7      | Gained mutation: You are surrounded by a mild repulsion
                  | field. (EV +2) [potion of mutation]
  4894 | D:7      | Gained mutation: Armour fits poorly on your strangely
                  | shaped body. [potion of mutation]
  4894 | D:7      | Gained mutation: You occasionally shout uncontrollably at
                  | your foes. [potion of mutation]
  4894 | D:7      | Gained mutation: Your natural rate of healing is unusually
                  | fast. [potion of mutation]
  5084 | D:8      | Noticed a two-headed ogre
  5089 | D:8      | Reached ** piety under Makhleb
  5097 | D:8      | Killed a two-headed ogre
  5097 | D:8      | Reached skill level 11 in Axes
  5097 | D:8      | Reached XP level 10. HP: 66/90 MP: 9/9
  5336 | D:8      | Noticed Prince Ribbit
  5448 | D:8      | Killed Prince Ribbit
  5469 | D:8      | Noticed an elephant
  5506 | D:8      | Killed an elephant
  5508 | D:8      | Reached skill level 12 in Axes
  5572 | D:8      | Found a staircase to the Lair.
  5578 | D:8      | Noticed an oklob plant
  5624 | Lair:1   | Entered Level 1 of the Lair of Beasts
  5646 | Lair:1   | Reached *** piety under Makhleb
  5696 | Lair:1   | Noticed a spiny frog
  5746 | Lair:1   | Killed a spiny frog
  5749 | Lair:1   | Reached skill level 10 in Armour
  5751 | Lair:1   | Reached skill level 10 in Fighting
  5751 | Lair:1   | Reached skill level 10 in Shields
  5751 | Lair:1   | Reached XP level 11. HP: 90/99 MP: 10/10
  5950 | Lair:1   | Noticed Fannar
  5963 | Lair:1   | Killed Fannar
  6575 | Lair:2   | Found a hole to the Spider Nest.
  6586 | Lair:2   | Reached skill level 13 in Axes
  6602 | Lair:2   | HP: 5/101 [poisoned by a redback]
  6604 | Lair:2   | HP: 2/101 [poisoned by a redback]
  6606 | Lair:2   | Succumbed to a redback's poison

Levels and vault maps discovered:
D:1:      dpeg_arrival_refuge, layout_loops_ring
D:2:      wander_river, layout_basic
D:3:      layout_loops_cross, uniq_sigmund
D:4:      minmay_evil_eye, layout_rooms, nicolae_dithmenos_the_darkroom,
          elyvilon_altar_3, minivault_24, xom_redecorated, uniq_duvessa
D:5:      old_forge, layout_basic, lemuel_round_altar, first_ration,
          evilmike_ruin_ashenzari, uniq_menkaure
D:6:      layout_gridville, old_standard_altar, serial_bayou_pond_a
D:7:      layout_basic, minmay_temple_entry_stoned_glass, grunt_livestock
D:8:      layout_basic, david_lair_generic, basic_altar, lemuel_oklob_altar,
          uniq_joseph, uniq_prince_ribbit1, uniq_harold
Lair:1:   layout_roguey, grunt_megastairs_2, serial_bayou_shore_b, uniq_fannar
Lair:2:   layout_regular_city, spider_nest_entry_funnel_web, kennysheep_rathole

Skill      XL: |  1  2  3  4  5  6  7  8  9 10 11 |
---------------+----------------------------------+-----
Armour         | 4 5 6 7 8 10 | 10.9
Fighting       | 4 5 6 7 8 10 | 10.9
Shields        | 4 5 6 7 8 10 | 10.8
Axes           | 3 4 5 7 9 11 12 13 | 13.0

Action                   |  1- 3 |  4- 6 |  7- 9 | 10-12 || total
-------------------------+-------+-------+-------+-------++-------
Melee: War axe           |    73 |   104 |   232 |   225 ||   634
       Headbutt          |    12 |    14 |    46 |    40 ||   112
Evoke: Wand              |       |       |       |     1 ||     1
  Use: Scroll            |       |     7 |     5 |     2 ||    14
       Potion            |       |     2 |     9 |     5 ||    16
  Eat: Chunk             |       |     4 |     7 |       ||    11
       Ration            |       |       |     1 |     4 ||     5
Armor: Scale mail        |    27 |    46 |    77 |    60 ||   210
Dodge: Dodged            |    24 |    39 |    55 |    55 ||   173
Block: Shield            |    45 |    63 |   114 |   145 ||   367
       Reflection        |       |       |       |     1 ||     1

Table legend:
 A = Non-vault XP
 B = Vault XP
 C = Vault XP percentage of total XP
 D = Non-vault monster count
 E = Vault monster count
 F = Vault count percentage of total count
                 A         B        C        D         E       F
            +---------+---------+-------+---------+---------+-------
      Total |   12185 |    4993 |  29.1 |     189 |      29 |  13.3
            +---------+---------+-------+---------+---------+-------
        D:1 |      32 |       0 |   0.0 |      18 |       0 |   0.0
        D:2 |     175 |       0 |   0.0 |      30 |       0 |   0.0
        D:3 |      63 |     212 |  77.1 |      22 |       1 |   4.3
        D:4 |     682 |     223 |  24.6 |      17 |       2 |  10.5
        D:5 |     474 |     442 |  48.3 |      12 |      12 |  50.0
        D:6 |     751 |       0 |   0.0 |      16 |       0 |   0.0
        D:7 |    1019 |    1004 |  49.6 |      17 |       5 |  22.7
        D:8 |    2665 |    1321 |  33.1 |      27 |       5 |  15.6
     Lair:1 |    4966 |    1054 |  17.5 |      23 |       1 |   4.2
     Lair:2 |    1358 |     737 |  35.2 |       7 |       3 |  30.0
            +---------+---------+-------+---------+---------+-------
